 Dungeon Crawl Stone Soup version 0.28-a0-474-g535839065c (webtiles) character file.

Game seed: 7902902299692426061

550 spiderkeys the Skirmisher (level 7, 0/49 HPs)
             Began as an Octopode Abyssal Knight on Sept 15, 2021.
             Was a Believer of Lugonu.
             Slain by an orc wizard (5 damage)
             ... on level 4 of the Dungeon.
             The game lasted 00:04:49 (2632 turns).

spiderkeys the Skirmisher (Octopode Abyssal Knight) Turns: 2632, Time: 00:04:50

Health: 0/49       AC:  1    Str: 14    XL:     7   Next: 29%
Magic:  10/10      EV: 14    Int: 14    God:    Lugonu [**....]
Gold:   95         SH:  0    Dex: 11    Spells: 6/6 levels left

rFire   . . .      SeeInvis .   a - +1 spear
rCold   . . .      Faith    .   (no shield)
rNeg    . . .      Spirit   .   (helmet restricted)
rPois   .          Reflect  .   (no amulet)
rElec   .          Harm     .   Z - ring of wizardry
rCorr   .          Rampage  .   (no ring)
Will    .....                   (no ring)
Stlth   +++.......              (no ring)
HPRegen 0.16/turn               (no ring)
MPRegen 0.12/turn               (no ring)
                                (no ring)
                                (no ring)

@: no status effects
A: almost no armour, amphibious, 8 rings, camouflage 1, gelatinous body 1,
(nimble swimmer 1), tentacles
a: Renounce Religion, Depart the Abyss, Bend Space


You were on level 4 of the Dungeon.
You worshipped Lugonu.
Lugonu was pleased with you.
You visited 1 branch of the dungeon, and saw 4 of its levels.
You visited the Abyss 1 time.

You collected 95 gold pieces.


Innate Abilities, Weirdness & Mutations

You cannot wear most types of armour.
You are amphibious.
You can wear up to eight rings at the same time.
Your skin changes colour to match your surroundings (Stealth+).
Your rubbery body absorbs attacks. (AC +1, EV +1)
((You are camouflaged near water. (Stealth+)))
You have tentacles for arms and can constrict up to eight enemies at once.


   Skills:
 + Level 4.5 Fighting
 + Level 3.8 Polearms
 + Level 4.0 Dodging
 + Level 4.4 Stealth
 + Level 4.1 Invocations


You had 6 spell levels left.
You didn't know any spells.
Your spell library contained the following spells:

 Spells                   Type           Power      Damage    Failure   Level
 Magic Dart               Conj           0%         1d3       12%         1
 Searing Ray              Conj           0%         2d4       17%         2
 Fulminant Prism          Conj/Hex       0%         3d6       71%         4

Inventory:

Hand Weapons
 a - a +1 spear (weapon)
Missiles
 b - 41 arrows
 c - a throwing net {=f!f}
 e - 30 sling bullets
 g - 169 stones
 j - 8 javelins
Jewellery
 Z - a ring of wizardry (left tentacle)
   (You found it on level 3 of the Dungeon)
Wands
 d - a wand of paralysis (11)
   (You found it on level 1 of the Abyss)
Scrolls
 h - 3 scrolls of amnesia
 k - a scroll of identify {@r1}
 m - a scroll of enchant armour
 n - a scroll of blinking {!r}
Potions
 f - 2 potions of haste {unknown}
 i - a potion of lignification {unknown}
 l - a potion of brilliance {unknown}

Dungeon Overview and Level Annotations

Branches:
Dungeon (4/15)
 Temple: D:4-7

Altars:
Hepliaklqana
Kikubaaqudgha
Okawaru
The Shining One

Annotations:
D:2 1 runed translucent door, Crazy Yiuf

##.. #... #...
#... #... #... #
####.))#####.###
......).<.......
####.#..@......#
###{###.#.# #..
.. .... # #####


There were no monsters in sight!


Message History

A goblin comes into view. It is wielding a +0 club.
A hobgoblin comes into view.
The goblin shouts!
You reach to attack!
You closely miss the goblin.
The hobgoblin shouts!
You barely miss the goblin. You grab the goblin. You constrict the goblin.
The goblin closely misses you.
You hit the goblin.
You kill the goblin!
Lugonu accepts your kill.
A hobgoblin is nearby!
You reach to attack!
You hit the hobgoblin.
You kill the hobgoblin!
Lugonu accepts your kill.
No target in view!
No target in view!
n - a scroll labelled DAPPUGH COTT You see here a +0 club.
Things that are here:
a +0 club; a goblin corpse You see here a +0 robe.
You now have 91 gold pieces (gained 5).
You see here a quokka corpse.
e - 30 sling bullets (gained 16)
b - 41 arrows (gained 19)
You now have 95 gold pieces (gained 4).
Found a stone staircase leading down.
As you read the scroll of identify {@r1}, it crumbles to dust.
n - a scroll of blinking Done exploring.
Done exploring.
There is an escape hatch in the floor here.
There is a stone staircase leading down here.
You climb downwards.
You hear the sound of rushing water.
There is an entrance to a sewer on this level.
Hurry and find it before the portal rusts away!
There is a stone staircase leading up here.
You reach to attack!
The helpless orc fails to defend itself.
You hit the orc.
You reach to attack!
You hit the orc.
You kill the orc!
Lugonu accepts your kill.
You reach to attack!
The orc shouts!
You hit the orc but do no damage.
The orc shouts!
You hear a shout!
You hit the orc. Your grab misses the orc. Your squeeze misses the orc.
The orc barely misses you.
You hit the orc but do no damage. Your grab misses the orc.
You squeeze the orc.
You kill the orc!
Lugonu accepts your kill.
The orc hits you with a +0 club. 😕 HP[-5]
You take 5 damage, and now have 44/49 hp.
You hit the orc. You grab the orc. You constrict the orc. The orc misses you.
You hit the orc but do no damage. Your squeeze misses the orc.
You constrict the orc, but do no damage.
An orc wizard comes into view. It is wielding a +0 hand axe.
The orc hits you with a +0 club.
You hit the orc but do no damage. You constrict the orc.
You kill the orc!
Lugonu accepts your kill.
You reach to attack!
You hit the orc wizard.
The orc wizard gestures wildly while chanting.
The orc wizard flickers and vanishes!
Deactivating autopickup; reactivate with Ctrl-A.
No target in view!
Something hits you. 😕 HP[-3]
You take 3 damage, and now have 41/49 hp.
You miss something.
You hear some strange, mumbled words.
A puff of flame appears from out of thin air!
The puff of flame hits you! 😮 HP[-7]
You take 7 damage, and now have 34/49 hp.
You miss something. You closely miss something. Something hits you. 😮 HP[-3]
You take 3 damage, and now have 31/49 hp.
You miss something. Something hits you. 😮 HP[-5]
You take 5 damage, and now have 26/49 hp.
You hit something but do no damage. Your squeeze misses something.
Something hits you!
* * * LOW HITPOINT WARNING * * *
😨 HP[-7]
You take 7 damage, and now have 19/49 hp.
You closely miss something. Your squeeze misses something. Something hits you!
* * * LOW HITPOINT WARNING * * *
😱 HP[-7]
You take 7 damage, and now have 12/49 hp.
You miss something. Your squeeze misses something. Something hits you!
* * * LOW HITPOINT WARNING * * *
😱 HP[-7]
You take 7 damage, and now have 5/49 hp.
You barely miss something. Something hits you.
You die...

Skill      XL: |  1  2  3  4  5  6  7 |
---------------+----------------------+-----
Fighting       | 4 |  4.5
Polearms       | 3 |  3.8
Dodging        | 3 4 |  4.0
Stealth        | 3 4 |  4.4
Invocations    | 3 4 |  4.1

Action                   |  1- 3 |  4- 6 |  7- 9 || total
-------------------------+-------+-------+-------++-------
Melee: Spear             |       |    84 |    60 ||   144
       Constrict         |       |     9 |    10 ||    19
       Tentacles         |       |     5 |    11 ||    16
Invok: Depart the Abyss  |       |     1 |       ||     1
  Use: Scroll            |     3 |     4 |     1 ||     8
 Stab: Sleeping          |       |    23 |     3 ||    26
Armor: Skin              |       |     2 |     4 ||     6
Dodge: Dodged            |       |    25 |    26 ||    51

Levels and vault maps discovered:
D:1:      dpeg_arrival_snail, layout_loops_cross,
          chequers_ecumenical_altar_twisty, hangedman_decor_points,
          chequers_serial_rivers_micro_e
D:2:      layout_basic, uniq_crazy_yiuf_cottage
D:3:      layout_rooms, grunt_temple_overflow_open, nicolae_tso_besieged_by_evil
D:4:      layout_loops_ring, gup_sewer_entry_bubbles,
          gammafunk_ghost_abyssal_escape, minmay_starry_boxes, uniq_duvessa

Notes
Turn   | Place    | Note
-------+----------+-------------------------------------------
     0 | Abyss:1  | spiderkeys the Octopode Abyssal Knight began the quest for
                  | the Orb.
     0 | Abyss:1  | Reached XP level 1. HP: 16/16 MP: 2/2
     0 | Abyss:1  | magus.rc [v1.9.10]
    46 | Abyss:1  | Found a corrupted altar of Lugonu.
    51 | Abyss:1  | Noticed a blizzard demon
    79 | Abyss:1  | Noticed a quasit
    79 | Abyss:1  | Noticed a large abomination
   124 | Abyss:1  | Found a shimmering blue altar of Sif Muna.
   124 | Abyss:1  | Noticed an orc high priest
   125 | Abyss:1  | Noticed an orc high priest
   137 | Abyss:1  | Noticed a shadow demon
   140 | Abyss:1  | Noticed a kobold demonologist
   141 | Abyss:1  | Noticed a boggart
   142 | Abyss:1  | Noticed a thrashing horror
   142 | Abyss:1  | Noticed a freezing wraith
   142 | Abyss:1  | Noticed a stone giant simulacrum
   143 | Abyss:1  | Noticed a rime drake
   143 | Abyss:1  | a shapeshifter changed into a rime drake
   143 | Abyss:1  | Noticed a kobold demonologist
   146 | Abyss:1  | Noticed a chaos spawn
   146 | Abyss:1  | Noticed a thrashing horror
   146 | Abyss:1  | Killed a kobold demonologist
   147 | Abyss:1  | Reached skill level 4 in Fighting
   147 | Abyss:1  | Reached skill level 3 in Polearms
   147 | Abyss:1  | Reached skill level 3 in Dodging
   147 | Abyss:1  | Reached skill level 3 in Stealth
   147 | Abyss:1  | Reached skill level 3 in Invocations
   147 | Abyss:1  | Reached XP level 2. HP: 22/22 MP: 2/4
   147 | Abyss:1  | Reached XP level 3. HP: 27/27 MP: 2/5
   147 | Abyss:1  | Reached XP level 4. HP: 33/33 MP: 2/6
   147 | Abyss:1  | Reached XP level 5. HP: 37/37 MP: 2/7
   147 | Abyss:1  | Reached XP level 6. HP: 43/43 MP: 2/8
   149 | Abyss:1  | Noticed a purple very ugly thing
   149 | Abyss:1  | Noticed a purple very ugly thing
   191 | Abyss:1  | Noticed a purple very ugly thing
   196 | Abyss:1  | Noticed a large abomination
   196 | Abyss:1  | Noticed a tentacled starspawn
   202 | Abyss:1  | Noticed a bone dragon
   228 | Abyss:1  | Noticed a thrashing horror
   232 | D:1      | You pass through the gate.
   232 | D:1      | Escaped the Abyss
   374 | D:1      | Reached * piety under Lugonu
   963 | D:1      | Found a faded altar of an unknown god.
  1647 | D:2      | Found a runed translucent door.
  1648 | D:2      | Noticed Crazy Yiuf
  1955 | D:3      | Reached skill level 4 in Dodging
  1955 | D:3      | Reached skill level 4 in Stealth
  1955 | D:3      | Reached XP level 7. HP: 17/49 MP: 9/9
  2230 | D:3      | Found a glowing golden altar of the Shining One.
  2239 | D:3      | Reached skill level 4 in Invocations
  2329 | D:3      | Found an iron altar of Okawaru.
  2346 | D:3      | Found a hazy altar of Hepliaklqana.
  2349 | D:3      | Found an ancient bone altar of Kikubaaqudgha.
  2365 | D:3      | You pick up a book of Conjurations and begin reading...
  2365 | D:3      | You add the spells Magic Dart, Searing Ray and Fulminant
                  | Prism to your library.
  2386 | D:3      | Reached ** piety under Lugonu
  2630 | D:4      | HP: 12/49 [something (7)]
  2631 | D:4      | HP: 5/49 [something (7)]
  2632 | D:4      | Slain by an orc wizard

Vanquished Creatures
  A phantom (D:3)
  A crimson imp (D:3)
  A howler monkey skeleton (D:3)
  3 adders
  3 orcs (D:4)
  3 ball pythons (D:1)
  5 bats
  4 endoplasms
  A giant cockroach (D:1)
  4 goblins
  8 hobgoblins
  2 quokkas
  8 frilled lizards
  A goblin skeleton (D:3)
  A goblin zombie (D:3)
  6 kobolds
  A kobold skeleton (D:3)
  An orc skeleton (D:3)
  An orc zombie (D:3)
  3 rats (D:1)
58 creatures vanquished.

Vanquished Creatures (collateral kills)
  A kobold demonologist (Abyss:1)
  A boggart (Abyss:1)
2 creatures vanquished.

Vanquished Creatures (others)
  5 starspawn tentacles (Abyss:1)
5 creatures vanquished.

Grand Total: 65 creatures vanquished

Table legend:
 A = Non-vault XP
 B = Vault XP
 C = Vault XP percentage of total XP
 D = Non-vault monster count
 E = Vault monster count
 F = Vault count percentage of total count
                 A         B        C        D         E       F
            +---------+---------+-------+---------+---------+-------
      Total |     233 |     554 |  70.4 |      52 |       8 |  13.3
            +---------+---------+-------+---------+---------+-------
        D:1 |      34 |       0 |   0.0 |      23 |       0 |   0.0
        D:2 |      44 |       0 |   0.0 |      14 |       0 |   0.0
        D:3 |     146 |      51 |  25.9 |      12 |       6 |  33.3
        D:4 |       9 |       0 |   0.0 |       3 |       0 |   0.0
    Abyss:1 |       0 |     503 | 100.0 |       0 |       2 | 100.0
            +---------+---------+-------+---------+---------+-------

Illustrated notes

Table legend:
 A = Kills in this place as a percentage of kills in entire the game.
 B = Kills by you in this place as a percentage of kills by you in the entire game.
 C = Kills by friends in this place as a percentage of kills by friends in the entire game.
 D = Other kills in this place as a percentage of other kills in the entire game.
 E = Experience gained in this place as a percentage of experience gained in the entire game.
 F = Experience gained in this place divided by the number of levels of this place that you have seen.
                   A       B       C       D       E      F
               +-------+-------+-------+-------+-------+----------------------
         Total | 100.0 | 100.0 | 100.0 |   N/A | 100.0 | 157.4
       Dungeon |  96.7 | 100.0 |   0.0 |   N/A |  36.1 |  71.0
         Abyss |   3.3 |   0.0 | 100.0 |   N/A |  63.9 | 503.0
               +-------+-------+-------+-------+-------+----------------------

Table legend: (Time is in decaauts)
 A = Elapsed time spent in this place.
 B = Non-inter-level travel time spent in this place.
 C = Inter-level travel time spent in this place.
 D = Time resting spent in this place.
 E = Time spent auto-exploring this place.
 F = Levels seen in this place.
 G = Mean time per level.
                   A        B        C        D        E       F      G
               +--------+--------+--------+--------+--------+-----+--------+
         Total |   2619 |   2545 |     74 |    199 |   1850 |   5 |  523.8 |
       Dungeon |   2387 |   2313 |     74 |    199 |   1800 |   4 |  596.8 |
         Abyss |    232 |    232 |      0 |      0 |     50 |   1 |  232.0 |
               +--------+--------+--------+--------+--------+-----+--------+

Top non-repeatable levels by time:
     D:1: 857 daAuts
     D:2: 843 daAuts
     D:3: 669 daAuts
 Abyss:1: 232 daAuts
     D:4: 17 daAuts
